 Dungeon Crawl Stone Soup version 0.32-a0-928-g1cae6b7ea0 (webtiles) character file.

Game seed: 8299763705645293303

226 Doorstop00 the Covered (level 6, -5/38 HPs)
             Began as a Gargoyle Fighter on Apr 12, 2024.
             Slain by an ogre
             ... wielding a +0 giant spiked club
              (17 damage)
             ... on level 3 of the Dungeon.
             The game lasted 00:09:01 (2480 turns).

Doorstop00 the Covered (Gargoyle Fighter)           Turns: 2480, Time: 00:09:02

Health: -5/38      AC: 12    Str: 22    XL:     6   Next: 1%
Magic:  6/6        EV:  8    Int:  8    God:
Gold:   15         SH:  4    Dex:  9    Spells: 5/5 levels left

rFire   . . .        l - +0 war axe
rCold   . . .        c - +0 buckler
rNeg    + . .        b - +0 scale mail
rPois   ∞            (no helmet)
rElec   +            (no cloak)
rCorr   +            i - +0 pair of gloves
SInv    .            (no boots)
Will    .....        (no amulet) Stlth
                     f - ring of resist corrosion
HPRegen 0.26/turn    (no ring)
MPRegen 0.10/turn

%: no passive effects
@: no status effects
A: sickness immunity, AC +4, negative energy resistance 1, electricity
resistance, torment resistance 1, petrification resistance
a: no special abilities


You were on level 3 of the Dungeon.
You visited 1 branch of the dungeon, and saw 4 of its levels.

You collected 15 gold pieces.

Inventory:

Hand Weapons
 a - a +0 flail
 l - a +0 war axe (weapon)
Armour
 b - a +0 scale mail (worn)
 c - a +0 buckler (worn)
 i - a +0 pair of gloves (worn)
Jewellery
 f - a ring of resist corrosion (left hand)
Scrolls
 d - 2 scrolls of enchant armour {unknown}
 e - 2 scrolls of teleportation
 m - a scroll of brand weapon {unknown}
 n - a scroll of blinking {unknown}
 q - a scroll of immolation {unknown}
Potions
 g - 2 potions of attraction
 h - 3 potions of lignification {unknown}
 j - a potion of ambrosia
 k - 2 potions of enlightenment
 o - a potion of degeneration {unknown}
 p - a potion of curing {unknown}


   Skills:
 * Level 4.0 Fighting
 + Level 0.2(2.2) Axes
 * Level 4.0(4.1) Maces & Flails
 * Level 4.3 Armour
 * Level 1.3 Dodging
 * Level 4.0 Shields


You had 5 spell levels left.
You didn't know any spells.
Your spell library contained the following spells:

 Spells                   Type           Power      Damage    Failure   Level
 Sandblast                Erth           0%         2d4       80%         1
 Stone Arrow              Conj/Erth      0%         3d7       99%         3
 Brom's Barrelling Bould  Conj/Erth      0%         2d3       100%        4


Dungeon Overview and Level Annotations

Branches:
Dungeon (4/15)
 Temple: D:4-7

Altars:


Innate Abilities, Weirdness & Mutations

You are immune to sickness and miasma.
Your stone body is resilient. (AC +4)
You are immune to poison.
You resist negative energy. (rN+)
You are resistant to electric shocks. (rElec)
You are resistant to unholy torment.
You are immune to petrification.


Message History

Done exploring.
What level of the Dungeon? (default 3, ? - help)
You see here a +0 whip.
There is a stone staircase leading down here.
You climb downwards.
You hear the sound of rushing water.
There is an entrance to a sewer on this level.
Hurry and find it before the portal rusts away!
Found an escape hatch in the ceiling.
There is a stone staircase leading up here.
A kobold and an ogre come into view.
The kobold is wielding a +0 dagger and quivering poisoned darts.
The kobold shouts!
You hear a shout!
The kobold throws a poisoned dart.
The poisoned dart hits you!
There is a stone staircase leading up here.
You slash the ogre!
The ogre is heavily wounded.
You block the ogre's attack.
There are no items here.
You block the ogre's attack.
You climb upwards.
There is a stone staircase leading down here.
You hit the ogre.
The ogre is heavily wounded.
You block the ogre's attack.
You slash the ogre!
The ogre is severely wounded.
You hit the ogre.
The ogre is almost dead.
The ogre hits you with a +0 giant spiked club!
You completely miss the ogre.
The ogre is almost dead.
The ogre hits you with a +0 giant spiked club!
You are too injured to fight recklessly!
You barely miss the ogre.
The ogre is almost dead.
The ogre hits you with a +0 giant spiked club.
You barely miss the ogre.
The ogre is almost dead.
The ogre hits you with a +0 giant spiked club!
You die...

##.....## #.......# ####
##########.......#
...########........#.......#
##.................##.....##
.#.................##.....##
.'..(..............#.......#
.#[.........>......#.......#
##........÷.....@..........######
...............O...##............
...................##........####
###########..................#
######### #........#.........#
...^....# #####..............#
........# #.#####........##
........# #.## ##.........##
####..#### #..# #...........##


You could see an ogre.

Vanquished Creatures
  An orc priest (D:2)
  2 orc wizards
  7 adders
  A ribbon worm (D:2)
  3 dart slugs
  4 orcs (D:2)
  6 bats
  8 endoplasms
  A giant cockroach (D:1)
  11 goblins
  6 hobgoblins
  2 quokkas (D:1)
  10 ball pythons
  A frilled lizard (D:1)
  5 kobolds
  A rat (D:3)
69 creatures vanquished.

Notes
Turn   | Place    | Note
-------+----------+-------------------------------------------
     0 | D:1      | Doorstop00 the Gargoyle Fighter began the quest for the
                  | Orb.
     0 | D:1      | Reached XP level 1. HP: 14/14 MP: 1/1
    54 | D:1      | Reached XP level 2. HP: 16/19 MP: 2/2
   109 | D:1      | You fall into a shaft and drop 1 floor!
   258 | D:2      | Reached XP level 3. HP: 6/24 MP: 3/3
   417 | D:1      | Reached XP level 4. HP: 26/29 MP: 4/4
  1088 | D:2      | Reached skill level 1 in Dodging
  1151 | D:2      | Reached XP level 5. HP: 31/33 MP: 5/5
  2118 | D:3      | Identified the +0 ring mail of the Last Sharing Songs {rF+
                  | rN+ rCorr Int+2}
  2277 | D:3      | Reached XP level 6. HP: 35/38 MP: 6/6
  2480 | D:3      | Slain by an ogre

Illustrated notes

Levels and vault maps discovered:
D:1:      wander_arrival_peaceful_grave, layout_basic,
          dreamdust_princess_corridor
D:2:      layout_basic, st_stairs_6
D:3:      layout_rooms, minmay_misc_feat_room, dk_noncrumbling_2
D:4:      layout_gridville, temple_hall, gammafunk_ghost_abyssal_escape,
          portal_sewer_entry_b, hangedman_abyss_or_decor_stagger

Skill      XL: |  1  2  3  4  5 |
---------------+----------------+-----
Maces & Flails | 3 4 |  4.0
Dodging        | 1 |  1.3
Fighting       | 4 |  4.0
Armour         | 4 |  4.3
Shields        | 4 |  4.0
Axes           | |  0.2

Action                     |  1- 3 |  4- 6 || total
---------------------------+-------+-------++-------
  Melee: Flail             |    74 |   108 ||   182
         War axe           |       |    79 ||    79
    Use: Potion            |     1 |       ||     1
         Scroll            |       |     4 ||     4
 Armour: Scale mail        |    80 |   173 ||   253
  Dodge: Dodged            |    26 |    82 ||   108
  Block: Buckler           |    10 |    57 ||    67

Table legend: (Time is in decaauts)
 A = Elapsed time spent in this place.
 B = Non-inter-level travel time spent in this place.
 C = Inter-level travel time spent in this place.
 D = Time resting spent in this place.
 E = Time spent auto-exploring this place.
 F = Levels seen in this place.
 G = Mean time per level.
                   A        B        C        D        E       F      G
               +--------+--------+--------+--------+--------+-----+--------+
         Total |   2566 |   2462 |    104 |     62 |   1664 |   4 |  641.5 |
       Dungeon |   2566 |   2462 |    104 |     62 |   1664 |   4 |  641.5 |
               +--------+--------+--------+--------+--------+-----+--------+

Top non-repeatable levels by time:
     D:2: 1112 daAuts
     D:3: 731 daAuts
     D:1: 711 daAuts
     D:4: 10 daAuts
